 Dungeon Crawl Stone Soup version 0.14-a0-155-gd989017 (webtiles) character file.

214 Malachi the Charmwright (level 4, -1/26 HPs)
             Began as a Gargoyle Skald on Oct 5, 2013.
             Slain by a centaur (2 damage)
             ... on Level 3 of the Dungeon.
             The game lasted 00:04:13 (2484 turns).

Malachi the Charmwright (Gargoyle Skald)            Turns: 2484, Time: 00:04:14

HP  -1/26        AC  5     Str 15      XL: 4   Next:  8%
MP   7/8         EV 10     Int 14      God:
Gold 152         SH  0     Dex  9      Spells:  2 memorised,  5 levels left

Res.Fire  : . . .   See Invis. : .   a - +1 mace
Res.Cold  : . . .   Warding    : .   b - +0 leather armour
Life Prot.: + . .   Conserve   : .   (no shield)
Res.Poison: +       Res.Corr.  : .   (no helmet)
Res.Elec. : +       Clarity    : .   k - +1 elf cloak
Sust.Abil.: . .     Spirit.Shd : .   (no gloves)
Res.Mut.  : .       Stasis     : .   (no boots)
Res.Rott. : +       Flight     : .   (no amulet)
Saprovore : . . .                    s - cursed -3 ring of protection
                                     j - ring of sustenance

@: slightly resistant to hostile enchantments, unstealthy
A: fangs 1, talons 2, life protection 1, electricity resistance, slow metabolism
1, unbreathing, petrification resistance, AC +3
a: no special abilities


You were on level 3 of the Dungeon.
You were hungry.

You visited 1 branch of the dungeon, and saw 3 of its levels.

You collected 132 gold pieces.

Inventory:

Hand weapons
 a - a +1,+1 mace (weapon)
Armour
 b - a +0 leather armour (worn)
 k - a +1 elven cloak (worn)
Comestibles
 d - a bread ration
 g - 2 meat rations
Scrolls
 h - 5 scrolls of teleportation
 o - 2 scrolls of identify
Jewellery
 j - a ring of sustenance (left hand)
 s - a cursed -3 ring of protection (right hand)
Potions
 e - 2 potions of curing
 f - a potion of agility
 i - a potion of mutation {unknown}
 q - a potion of restore abilities {unknown}
 r - a potion of might {unknown}
Books
 c - a book of Battle

   Spells                             Type                      Level
   *Infusion                          Charms                       1
   Shroud of Golubria                 Charms/Translocation         2
   *Song of Slaying                   Charms                       2
   Spectral Weapon                    Hexes/Charms                 3
   Regeneration                       Charms/Necromancy            3
   Song of Shielding                  Charms                       4


   Skills:
 + Level 2.2 Fighting
 + Level 2.5 Maces & Flails
 + Level 1.8 Armour
 + Level 1.3 Dodging
 + Level 2.6 Spellcasting
 + Level 3.2 Charms


You had 5 spell levels left.
You knew the following spells:

 Your Spells              Type           Power        Failure   Level  Hunger
a - Infusion              Chrm           ##....       10%         1    #......
b - Song of Slaying       Chrm           ##........   12%         2    ##.....


Dungeon Overview and Level Annotations

Branches:
Dungeon (3/27)

Altars:
Ashenzari
Cheibriados
Zin

Annotations:
D:3 Mellonil's ghost, average KoFE


Innate Abilities, Weirdness & Mutations

You are resistant to torment.
You are immune to poison.
Your stone body is very resilient (AC +3).
You have very sharp teeth.
You have razor-sharp toenails.
You resist negative energy.
You are resistant to electric shocks.
You have a slow metabolism.
You can survive without breathing.
You are immune to petrification.


Message History

The centaur shoots an arrow.
The arrow hits you!
You see here an arrow.
The centaur unwields an uncursed bow.
The centaur barely misses you.
Casting: Infusion
Confirm with . or Enter, or press ? or * to list all spells.
Your attacks are magically infused.
The centaur hits you.
The centaur hits you but does no damage.
You barely miss the centaur. The centaur hits you.
* * * LOW HITPOINT WARNING * * *
The centaur hits you but does no damage.
You are too injured to fight recklessly!
You are too injured to fight recklessly!
You are too injured to fight recklessly!
Your leather armour prevents you from hitting the centaur.
You claw the centaur.
The centaur is lightly wounded.
The centaur hits you.
* * * LOW HITPOINT WARNING * * *
The centaur hits you.
You die...

.#### . ... ### .# .
.....# ## #. ..#.#####
##.. #..#... ..#
#.#.#####.# #. #.#
#.(.(.......
###.###.#####.#(#####.#
.............#@#
#.##.#....###.c.....#
#.......### #########
#....##.# #.#..##.#
#...###.# #..####.#
#.......# #...#####


You could see a centaur.

Vanquished Creatures
  3 adders (D:2)
  A giant gecko (D:1)
  A ball python (D:2)
  3 giant cockroaches (D:2)
  4 goblins
  5 hobgoblins
  4 bats
  4 giant newts
  7 kobolds
  3 rats
35 creatures vanquished.

Notes
Turn   | Place    | Note
--------------------------------------------------------------
     0 | D:1      | Malachi, the Gargoyle Skald, began the quest for the Orb.
     0 | D:1      | Reached XP level 1. HP: 12/12 MP: 3/3
   373 | D:1      | Reached XP level 2. HP: 16/16 MP: 1/5
   991 | D:2      | Reached skill level 3 in Charms
  1005 | D:2      | Reached skill level 1 in Dodging
  1005 | D:2      | Reached XP level 3. HP: 11/20 MP: 3/6
  1032 | D:2      | Learned a level 2 spell: Song of Slaying
  1405 | D:2      | Reached XP level 4. HP: 3/26 MP: 8/8
  1940 | D:2      | Found a snail-covered altar of Cheibriados.
  2013 | D:2      | Found a glowing silver altar of Zin.
  2013 | D:2      | Found a shattered altar of Ashenzari.
  2084 | D:3      | Noticed Mellonil's ghost (average KoFE)
  2479 | D:3      | Noticed a centaur
  2484 | D:3      | HP: 1/26 [centaur (6)]
  2484 | D:3      | Slain by a centaur

Action                   |  1- 3 |  4- 6 || total
-------------------------+-------+-------++-------
Melee: Mace              |   100 |    19 ||   119
 Cast: Infusion          |    14 |     3 ||    17
  Use: Scroll            |       |     7 ||     7
